 Dungeon Crawl Stone Soup version bcrawl-1.28.4 (webtiles) character file.

Game seed: 4103086939854333339

110666 t4s4d4r the Stinger (level 2, 0/20 HPs)
             Began as an Oni Fire Elementalist on Jan 15, 2021.
             Slain by a kobold (3 damage)
             ... on level 1 of the Dungeon.
             The game lasted 00:00:58 (422 turns).

t4s4d4r the Stinger (Oni Fire Elementalist)          Turns: 422, Time: 00:00:58

Health: 0/20       AC:  3    Str: 11    XL:     2   Next: 50%
Magic:  4/7        EV: 12    Int: 16    God:
Gold:   9          SH:  0    Dex: 11    Spells: 4/5 levels left

rFire    + . .     SeeInvis .   g - +0 club
rCold    . . .     Gourm    .   (no shield)
rNeg     . . .     Faith    .   a - +0 animal skin
rPois    .         Spirit   .   (helmet restricted)
rElec    .         Reflect  .   (no cloak)
rCorr    .         Harm     .   m - +0 pair of gloves
MR       .....                  (no boots)
Stlth    ++........             (no amulet)
HPRegen  0.06/turn              l - ring of protection from fire
MPRegen  0.10/turn              (no ring)

@: no status effects
A: oni magic, claws 1, fangs 1, horns 1
a: no special abilities


You were on level 1 of the Dungeon.
You were not hungry.

You visited 1 branch of the dungeon, and saw 1 of its levels.

You collected 9 gold pieces.

Inventory:

Hand Weapons
 g - a +0 club (weapon)
Missiles
 c - 40 stones (quivered)
Armour
 a - a +0 animal skin (worn)
 m - a +0 pair of gloves (worn)
Jewellery
 l - a ring of protection from fire (left hand)
Scrolls
 b - a scroll of magic mapping {unknown}
 d - a scroll of remove curse {unknown}
 j - a scroll of enchant armour {unknown}
 k - 2 scrolls of identify
Potions
 f - a potion of heal wounds {unknown}
 i - 2 potions of curing {unknown}
Comestibles
 e - a ration {!d}
 h - a chunk of flesh


   Skills:
 - Level 1.7 Dodging
 - Level 1.7 Stealth
 + Level 2.1 Spellcasting
   Level 2.1 Conjurations
   Level 2.1 Hexes
   Level 2.1 Charms
   Level 2.1 Summonings
   Level 2.1 Necromancy
   Level 2.1 Translocations
   Level 2.1 Transmutations
   Level 2.1 Fire Magic
   Level 2.1 Ice Magic
   Level 2.1 Air Magic
   Level 2.1 Earth Magic
   Level 2.1 Poison Magic


You had 4 spell levels left.
You knew the following spells:

 Your Spells              Type           Power        Failure   Level  Hunger
a - Flame Tongue          Conj/Fire      #....        9%          1    None

Your spell library contained the following spells:

 Spells                   Type           Power        Failure   Level  Hunger
 Shock                    Conj/Air       #....        9%          1    None
 Flaming Arrows           Chrm/Fire      #.......     13%         2    ##.....
 Conjure Flame            Conj/Fire      #.......     26%         3    ####...
 Inner Flame              Hex/Fire       N/A          26%         3    ####...
 Sticky Flame             Conj/Fire      #.......     63%         4    ######.
 Fireball                 Conj/Fire      #.........   93%         5    #######


Dungeon Overview and Level Annotations

Branches:
Dungeon (1/12)

Altars:


Innate Abilities, Weirdness & Mutations

You learn spells by gaining experience, not through books or religion.
You only train spellcasting to practice magic.
You have sharp fingernails.
You have very sharp teeth.
You have a pair of small horns on your head.


Message History

Press: ? - help, Shift-Dir - straight line, f - hobgoblin
Aim: a hobgoblin, wielding a +0 club The flame tongue hits the hobgoblin.
The hobgoblin is heavily wounded.
Casting: Flame Tongue (safe; 9% risk of failure)
Confirm with . or Enter, or press ? or * to list all spells.
Aiming: Flame Tongue (safe; 9% risk of failure)
Press: ? - help, Shift-Dir - straight line, f/p - hobgoblin
Aim: a hobgoblin, wielding a +0 club (heavily wounded)
The flame tongue hits the hobgoblin!
You kill the hobgoblin!
Casting: Flame Tongue (safe; 9% risk of failure)
Confirm with . or Enter, or press ? or * to list all spells.
Aiming: Flame Tongue (safe; 9% risk of failure)
Press: ? - help, Shift-Dir - straight line, f - kobold
Aim: a kobold The flame tongue hits the kobold.
The kobold is severely wounded.
The kobold hits you.
You die...

...............§§§.#.#....###.# #
..≈≈≈≈........≈§§≈...#..### #.# #
.≈≈≈≈≈≈......§§≈≈§≈..#..## #.###
.≈≈≈≈≈≈......≈≈>§§≈..#...####....
.≈≈≈≈≈≈......≈≈≈§§§..##....##(..#
..≈≈≈≈..####[.≈§§≈.§.#..##....#..
.......## ##...§§§....#####..##.
#......# #.##......## #.###.
######.# ##.##@#...## ##.# ##
#..####..##K#.### #..#### #
.......###l..# ##...... #.
##.#..Kb### #....... #.##....#..#
#.#..... #.#.....#.## #.#.....
#.........# ..#..... ##..≈≈≈...#
.###..... .#####..≈≈≈...# ..
#.####


You could see a leopard gecko, a bat and 2 kobolds.

Vanquished Creatures
  A dart slug (D:1)
  A leopard gecko (D:1)
  A bat (D:1)
  A giant cockroach (D:1)
  2 goblins (D:1)
  A hobgoblin (D:1)
  2 frilled lizards (D:1)
  3 rats (D:1)
12 creatures vanquished.

Notes
Turn   | Place    | Note
-------+----------+-------------------------------------------
     0 | D:1      | t4s4d4r the Oni Fire Elementalist began the quest for the
                  | Orb.
     0 | D:1      | Reached XP level 1. HP: 14/14 MP: 4/4
   197 | D:1      | Reached XP level 2. HP: 15/20 MP: 0/6
   271 | D:1      | Reached skill level 2 in Spellcasting
   422 | D:1      | Slain by a kobold

Skill      XL: |  1  2 |
---------------+-------+-----
Spellcasting   | 2 |  2.1
Dodging        | |  1.7
Stealth        | |  1.7
Conjurations   | |  2.1
Hexes          | |  2.1
Charms         | |  2.1
Summonings     | |  2.1
Necromancy     | |  2.1
Translocations | |  2.1
Transmutations | |  2.1
Fire Magic     | |  2.1
Ice Magic      | |  2.1
Air Magic      | |  2.1
Earth Magic    | |  2.1
Poison Magic   | |  2.1

Action                   || total
-------------------------++-------
Melee: Club              ||    20
       Headbutt          ||     2
 Cast: Flame Tongue      ||    13
Armor: Animal skin       ||    10
Dodge: Dodged            ||    21
